 Dungeon Crawl Stone Soup version 0.28.0-53-g5a82cb258f (webtiles) character file.

Game seed: 15154893305547738559

17502 cbfl8 the Cleaver (level 12, -12/169 HPs)
             Began as a Minotaur Berserker on July 15, 2022.
             Was an Elder of Trog.
             Killed by mirror damage (14 damage)
             ... on level 13 of the Dungeon on July 16, 2022.
             The game lasted 00:25:50 (15012 turns).

cbfl8 the Cleaver (Minotaur Berserker)             Turns: 15012, Time: 00:25:50

Health: -12/169    AC: 23    Str: 34    XL:     12   Next: 19%
Magic:  11/11      EV: 11    Int:  8    God:    Trog [****..]
Gold:   842        SH:  0    Dex: 15    Spells: 11/11 levels left

rFire   . . .      SeeInvis .   K - +10 great sword "Boicen" {spect, rPois rC- Str+3}
rCold   + . .      Faith    .   (shield currently unavailable)
rNeg    . . .      Spirit   .   L - +2 plate armour {rC+}
rPois   +          Reflect  .   (helmet restricted)
rElec   .          Harm     .   H - +0 cloak
rCorr   .          Rampage  .   M - +2 pair of gloves "Qezuxkyt" {Str+3 Int+4}
Will    .....                   I - +0 pair of boots
Stlth   ..........              b - amulet of the acrobat
HPRegen 0.38/turn               i - +6 ring of strength
MPRegen 0.12/turn               q - ring of protection from cold

@: berserking (expiring), very quick
A: horns 2, retaliatory headbutt
a: Renounce Religion, Berserk, Trog's Hand, Brothers in Arms


You were on level 13 of the Dungeon.
You worshipped Trog.
Trog was greatly pleased with you.
You visited 1 branch of the dungeon, and saw 13 of its levels.
You also visited: Bailey.

You collected 870 gold pieces.
You spent 28 gold pieces at shops.

Inventory:

Hand Weapons
 z - a +0 battleaxe
 K - the +10 great sword "Boicen" (weapon) {spect, rPois rC- Str+3}
   (You found it in a bailey)

   When its wielder attacks, the weapon's spirit leaps out and strikes again.
   The spirit shares a part of any damage it takes with its wielder.
   Str:       It affects your strength (+3).
   rC:        It makes you vulnerable to cold.
   rPois:     It protects you from poison.
Armour
 n - a +0 kite shield
 A - +0 swamp dragon scales
 H - a +0 cloak (worn)
 I - a +0 pair of boots (worn)
 L - a +2 plate armour of cold resistance (worn)
 M - the +2 pair of gloves "Qezuxkyt" (worn) {Str+3 Int+4}
   (You found it in a bailey)

   Str:       It affects your strength (+3).
   Int:       It affects your intelligence (+4).
Jewellery
 a - a ring of fire
 b - an amulet of the acrobat (around neck)
 i - a +6 ring of strength (left hand)
 q - a ring of protection from cold (right hand)
Wands
 e - a wand of acid (4)
 r - a wand of iceblast (19)
 s - a wand of digging (4)
 x - a wand of charming (20)
 J - a wand of mindburst (3)
Scrolls
 c - 7 scrolls of teleportation
 f - 2 scrolls of enchant weapon
 h - 5 scrolls of immolation
 j - 2 scrolls of magic mapping {unknown}
 o - a scroll of fog
 p - 2 scrolls of brand weapon
 t - a scroll of amnesia {unknown}
 w - a scroll of vulnerability {unknown}
 y - a scroll of holy word {unknown}
 D - 2 scrolls of silence
 E - a scroll of enchant armour {unknown}
 G - 2 scrolls of blinking
 N - a scroll of acquirement {unknown}
 O - a scroll of torment {unknown}
 P - a scroll of noise {unknown}
Potions
 d - 3 potions of cancellation
 g - 3 potions of brilliance {unknown}
 k - 3 potions of lignification {unknown}
 l - 4 potions of attraction {unknown}
 m - 4 potions of heal wounds
 u - 3 potions of flight {unknown}
 v - 7 potions of curing
 B - a potion of might
 C - 4 potions of invisibility {unknown}
 F - a potion of ambrosia {unknown}


   Skills:
 * Level 12.9 Fighting
 + Level 8.5 Long Blades
 + Level 13.0 Axes
 + Level 11.3 Armour
 + Level 5.4 Dodging
 + Level 2.3 Stealth
 * Level 4.4 Evocations


You had 11 spell levels left.
You didn't know any spells.
Your spell library was empty.

Dungeon Overview and Level Annotations

Branches:
Dungeon (13/15)            Temple (0/1) D:4            Lair (0/6) D:8
    Orc (0/2) D:12         Bailey (visited)
 Vaults: D:13-14

Altars:
Ashenzari
Elyvilon
Fedhas
Hepliaklqana
Kikubaaqudgha
Makhleb
Nemelex Xobeh
Ru
Uskayaw
Vehumet
Wu Jian
Yredelemnul
Zin

Shops:
D:3 *   D:9 **   D:12 *

Annotations:
D:10 1 runed translucent door


Innate Abilities, Weirdness & Mutations

You have a pair of horns on your head.
You reflexively headbutt those who attack you in melee.


Message History

You slash the wraith!
The wraith is moderately damaged.
The wraith barely misses you. You furiously retaliate!
You headbutt the wraith.
The skeletal warrior hits you but does no damage.
The wraith hits you but does no damage.
Unknown command.
You slice the wraith!!
You destroy the wraith!
Trog accepts your kill.
The death knight hits you from afar with a +1 glaive.
A red film seems to cover your vision as you go berserk!
You feel yourself moving faster!
You feel mighty!
The death knight invokes the aid of Yredelemnul against you.
Your body is wracked with pain!
* * * LOW HITPOINT WARNING * * *
You are too injured to fight recklessly!
Unknown command.
You are too injured to fight recklessly!
A freezing wraith comes into view.
You feel a strong urge to attack something.
You hit the death knight. Your headbutt misses the death knight.
The death knight is lightly wounded.
The death knight reflects your damage back at you!
* * * LOW HITPOINT WARNING * * *
The death knight hits you with a +1 glaive!
* * * LOW HITPOINT WARNING * * *
The skeletal warrior hits you from afar with a +1 glaive of protection!
* * * LOW HITPOINT WARNING * * *
You are too berserk!
You hit the death knight. Your headbutt misses the death knight.
The death knight is lightly wounded.
The death knight reflects your damage back at you!
* * * LOW HITPOINT WARNING * * *
The death knight hits you with a +1 glaive!
* * * LOW HITPOINT WARNING * * *
The skeletal warrior hits you but does no damage.
You slice the death knight!!
The death knight is moderately wounded.
The death knight reflects your damage back at you!
You die...

... ##.## .....
... ..W #z# #
#p# .# #@# ..#
#.#########..#
#............#
#............##
#####....##...#
#....##...##
#....##....#
#....##..#.#.#
#....'........


You could see a death knight (reflects damage), a skeletal warrior and a
freezing wraith.

Vanquished Creatures
  Snorg (D:13)
  2 boulder beetles (D:12)
  A deep elf pyromancer (D:12)
  Pikel (D:4)
  4 ugly things
  A cyclops (D:11)
  A manticore (D:12)
  Joseph (D:7)
  Maurice (D:8)
  3 centaur zombies
  Maggie (D:7)
  A kobold demonologist (D:12)
  A freezing wraith (D:13)
  4 trolls
  A hornet (shapeshifter) (D:13)
  Grinder (D:5)
  A hornet (D:5)
  2 slime creatures (D:12)
  20 yaks
  A wraith (D:13)
  2 wyverns
  A human (D:3)
  4 vampire mosquitoes (D:8)
  Edmund (D:5)
  4 water moccasins
  6 orc warriors
  An ice beast (D:7)
  A sky beast (D:6)
  A necrophage (D:8)
  2 lemures (D:4)
  6 centaurs
  A phantom (D:5)
  3 kobold brigands
  A bullfrog (D:8)
  3 gnoll sergeants
  3 scorpions
  A wyvern zombie (D:6)
  A wyvern skeleton (D:7)
  6 howler monkeys
  3 wights (D:6)
  A jelly (D:4)
  2 hounds
  A gnoll shaman (D:7)
  4 orc priests
  2 bullfrog skeletons (D:5)
  Terence (D:3)
  5 orc wizards
  4 iguanas
  A killer bee zombie (D:8)
  Robin (D:3)
  9 adders
  21 gnolls
  2 ufetubi (D:5)
  An adder skeleton (D:4)
  A worm (D:2)
  3 dart slugs
  45 orcs
  4 bats
  5 endoplasms
  3 giant cockroaches
  17 goblins
  9 hobgoblins
  3 quokkas
  8 ball pythons
  2 frilled lizards (D:2)
  17 kobolds
  A kobold skeleton (D:3)
  A kobold zombie (D:3)
  A rat (D:1)
275 creatures vanquished.

Vanquished Creatures (collateral kills)
  3 orc warriors (Bailey)
3 creatures vanquished.

Vanquished Creatures (others)
  A yak (D:12)
  2 fungi (D:8)
  A plant (D:8)
4 creatures vanquished.

Grand Total: 282 creatures vanquished

Notes
Turn   | Place    | Note
-------+----------+-------------------------------------------
     0 | D:1      | cbfl8 the Minotaur Berserker began the quest for the Orb.
     0 | D:1      | Reached XP level 1. HP: 19/19 MP: 0/0
   173 | D:1      | Reached skill level 4 in Axes
   173 | D:1      | Reached XP level 2. HP: 22/27 MP: 1/1
   614 | D:1      | Reached XP level 3. HP: 34/34 MP: 2/2
  1244 | D:2      | Reached XP level 4. HP: 16/41 MP: 3/3
  1613 | D:2      | Reached skill level 5 in Axes
  2159 | D:3      | Found a blossoming altar of Fedhas.
  2336 | D:3      | Found a hide-covered altar of Uskayaw.
  2337 | D:3      | Found a white marble altar of Elyvilon.
  2338 | D:3      | Found a broken altar of Ashenzari.
  2350 | D:3      | Found a sparkling altar of Nemelex Xobeh.
  2378 | D:3      | Noticed Robin
  2382 | D:3      | Reached ** piety under Trog
  2386 | D:3      | Noticed Terence
  2400 | D:3      | Killed Robin
  2405 | D:3      | Reached XP level 5. HP: 46/47 MP: 4/4
  2413 | D:3      | Killed Terence
  2414 | D:3      | Reached skill level 5 in Fighting
  2689 | D:3      | Found Detuc's General Store.
  2697 | D:3      | Bought a scroll of identify for 28 gold pieces
  2787 | D:3      | Found a runed translucent door.
  2787 | D:3      | Noticed a human
  2790 | D:3      | Found a basalt altar of Yredelemnul.
  3062 | D:3      | Killed a human
  3063 | D:3      | Reached skill level 6 in Axes
  3063 | D:3      | Reached XP level 6. HP: 44/56 MP: 5/5
  3360 | D:4      | You fall into a shaft and drop 3 floors!
  3382 | D:7      | Noticed a water moccasin
  3391 | D:7      | Killed a water moccasin
  3392 | D:7      | Reached XP level 7. HP: 63/63 MP: 6/6
  3650 | D:6      | Reached skill level 7 in Axes
  3650 | D:6      | Reached skill level 5 in Armour
  4124 | D:6      | Reached skill level 8 in Axes
  4124 | D:6      | Reached XP level 8. HP: 31/73 MP: 7/7
  4418 | D:5      | Entered Level 5 of the Dungeon
  4439 | D:5      | Noticed a hornet
  4445 | D:5      | Killed a hornet
  4508 | D:5      | Noticed Edmund
  4508 | D:5      | Noticed Grinder
  4517 | D:5      | Killed Edmund
  4529 | D:5      | Killed Grinder
  4530 | D:5      | Reached skill level 1 in Stealth
  4732 | D:4      | Noticed Pikel
  4757 | D:4      | Killed Pikel
  4758 | D:4      | Reached skill level 9 in Axes
  4758 | D:4      | Reached XP level 9. HP: 64/82 MP: 8/8
  5164 | D:4      | Found a staircase to the Ecumenical Temple.
  5504 | D:4      | Found a burning altar of Makhleb.
  6098 | D:5      | Found an ornate altar of the Wu Jian Council.
  6198 | D:5      | Found a radiant altar of Vehumet.
  6662 | D:6      | Identified the +7 trident of Bineapn {pain, rPois rF+
                  | Str+2}
  6735 | D:6      | Reached *** piety under Trog
  6983 | D:7      | Reached skill level 10 in Fighting
  7100 | D:7      | Reached skill level 10 in Axes
  7232 | D:7      | Noticed Maggie
  7241 | D:7      | Killed Maggie
  7719 | D:7      | Reached XP level 10. HP: 59/94 MP: 9/9
  7958 | D:7      | Noticed Joseph
  7968 | D:7      | Killed Joseph
  8142 | D:8      | Reached skill level 11 in Axes
  8142 | D:8      | Reached skill level 5 in Dodging
  8715 | D:8      | Noticed Maurice
  8753 | D:8      | Killed Maurice
  8914 | D:8      | Found a staircase to the Lair.
  9216 | D:8      | Found a hazy altar of Hepliaklqana.
  9279 | D:8      | Found a glowing silver altar of Zin.
  9385 | D:9      | Reached skill level 1 in Evocations
  9481 | D:9      | Found Xestoa's Specific Store.
  9605 | D:9      | Found Kaleuzip's General Store.
  9655 | D:9      | Reached skill level 12 in Axes
 10584 | D:9      | Found an ancient bone altar of Kikubaaqudgha.
 10961 | D:10     | Entered Level 10 of the Dungeon
 11051 | D:10     | Found a runed translucent door.
 11051 | D:10     | Noticed a gargoyle
 11052 | D:10     | Noticed a manticore
 11058 | D:10     | Noticed a two-headed ogre
 11084 | D:10     | Reached skill level 10 in Armour
 11140 | D:10     | Found a flagged portal.
 11143 | D:10     | Reached **** piety under Trog
 11151 | Bailey   | Entered a bailey
 11404 | Bailey   | Reached XP level 11. HP: 51/102 MP: 10/10
 11845 | Bailey   | Identified the +10 great sword "Boicen" {spect, rPois rC-
                  | Str+3}
 11850 | Bailey   | Identified the +2 pair of gloves "Qezuxkyt" {Str+3 Int+4}
 12141 | D:10     | Reached skill level 1 in Long Blades
 12827 | D:10     | Found a sacrificial altar of Ru.
 12833 | D:10     | Reached skill level 13 in Axes
 12939 | D:11     | Found a blossoming altar of Fedhas.
 12940 | D:11     | Noticed a purple ugly thing
 12946 | D:11     | Killed a purple ugly thing
 13010 | D:11     | Noticed a red ugly thing
 13011 | D:11     | Noticed a red ugly thing
 13015 | D:11     | Killed a red ugly thing
 13017 | D:11     | Killed a brown ugly thing
 13268 | D:11     | Reached skill level 5 in Long Blades
 13488 | D:12     | Noticed a deep elf pyromancer
 13495 | D:12     | Killed a deep elf pyromancer
 13585 | D:12     | Noticed a cyan ugly thing
 13590 | D:12     | Killed a cyan ugly thing
 13850 | D:12     | Noticed a boulder beetle
 13857 | D:12     | Killed a boulder beetle
 14091 | D:12     | Found Baybiof's Serpentskin Sales.
 14154 | D:12     | Reached XP level 12. HP: 97/113 MP: 11/11
 14466 | D:12     | Noticed a boulder beetle
 14470 | D:12     | Killed a boulder beetle
 14536 | D:12     | Found a staircase to the Orcish Mines.
 14832 | D:13     | Noticed Snorg
 14842 | D:13     | Killed Snorg
 15003 | D:13     | Noticed a death knight
 15011 | D:13     | HP: 2/169 [death knight/+1 glaive (13)]
 15012 | D:13     | Killed by mirror damage

Illustrated notes

Levels and vault maps discovered:
D:1:      lemuel_arrival_rhombus, layout_basic, minmay_misc_feat_secret_circle
D:2:      layout_basic
D:3:      layout_rooms, lemuel_crystal_altar,
          mainiacjoe_overflow_concentric_impassable, dk_yredelemnul_ordeal,
          grunt_temple_overflow_open, serial_shops, nicolae_shop_crystal,
          uniq_robin, uniq_terence
D:4:      layout_loops_corners, lemuel_round_altar, minmay_temple_entry_arrows,
          uniq_pikel
D:5:      layout_cave_pools, nicolae_vehumet_radiance,
          nzn_wu_jian_contemplation, minivault_14, uniq_grinder, uniq_edmund
D:6:      layout_basic, grunt_decor_arrowhead
D:7:      layout_gridville, uniq_maggie, uniq_joseph
D:8:      layout_rooms, mainiacjoe_overflow_brackets, zin_scriptorium,
          grunt_lair_entry_orc_guard_hut, uniq_maurice
D:9:      layout_basic, mainiacjoe_overflow_alcove_1, serial_rivers,
          chequers_serial_rivers_micro_e, chequers_serial_rivers_micro_b,
          chequers_serial_rivers_room_a, chequers_serial_rivers_micro_a,
          chequers_serial_rivers_marsh, minmay_strange_pillars,
          nicolae_specific_store
D:10:     layout_small_grid, nicolae_ru_great_annihilating_truth,
          enter_bailey_3, chequers_hall_statues_y, minmay_st_funbox
D:11:     layout_gridville, minmay_misc_feat_pillars, fedhas_altar_2
D:12:     layout_loops_corners, orc_0_dummy, kennysheep_small_spiral,
          corexii_corridor_pit, guppyfry_shop_venom
D:13:     layout_basic, uniq_josephine, uniq_rupert, uniq_snorg

Skill      XL: |  1  2  3  4  5  6  7  8  9 10 11 12 |
---------------+-------------------------------------+-----
Axes           | 4 5 6 8 9 10 12 13 | 13.0
Fighting       | 4 5 6 7 8 10 11 12 | 12.9
Armour         | 3 4 6 7 8 10 11 | 11.3
Dodging        | 3 4 5 |  5.4
Stealth        | 1 2 |  2.3
Evocations     | 2 4 |  4.4
Long Blades    | 7 8 |  8.5

Action                   |  1- 3 |  4- 6 |  7- 9 | 10-12 || total
-------------------------+-------+-------+-------+-------++-------
Melee: Hand axe          |    72 |   116 |   155 |       ||   343
       Headbutt          |    10 |    16 |    52 |    53 ||   131
       Punch             |     1 |       |     5 |       ||     6
       Battleaxe         |       |       |    48 |   168 ||   216
       War axe           |       |       |    15 |       ||    15
       Great sword       |       |       |       |   112 ||   112
Invok: Berserk           |     1 |     2 |     5 |     9 ||    17
       Trog's Hand       |       |       |     2 |     1 ||     3
       Brothers in Arms  |       |       |       |     1 ||     1
  Use: Scroll            |       |     2 |     3 |     5 ||    10
 Stab: Distracted        |       |       |       |     1 ||     1
Armor: Animal skin       |     2 |       |       |       ||     2
       Ring mail         |    21 |    10 |       |       ||    31
       Scale mail        |       |    23 |    77 |       ||   100
       Swamp dragon scal |       |       |    15 |     7 ||    22
       Plate armour      |       |       |       |   175 ||   175
Dodge: Dodged            |    46 |    47 |   149 |   231 ||   473
